 Dungeon Crawl Stone Soup version 0.31-a0-233-g139696dc86 (webtiles) character file.

Game seed: 15491838328480168449

30 pokeman the Magician (level 3, -2/20 HPs)
             Began as a Deep Elf Hedge Wizard on July 9, 2023.
             Slain by a goblin
             ... wielding a +0 club
             ... led by Robin
              (5 damage)
             ... on level 2 of the Dungeon.
             The game lasted 00:01:31 (930 turns).

pokeman the Magician (Deep Elf Hedge Wizard)         Turns: 930, Time: 00:01:31

Health: -2/20      AC:  9    Str:  7    XL:     3   Next: 5%
Magic:  2/11       EV: 12    Int: 20    God:
Gold:   76         SH:  0    Dex: 14    Spells: 11/12 levels left

rFire   . . .        f - +1 short sword (protect)
rCold   . . .        (no shield)
rNeg    . . .        b - +0 robe
rPois   .            c - +0 hat
rElec   .            (no cloak)
rCorr   .            (no gloves)
SInv    .            (no boots)
Will    .....        (no amulet)
Stlth   ++           (no ring)
HPRegen 0.23/turn    (no ring)
MPRegen 0.12/turn

%: no passive effects
@: under a protective aura
A: no striking features
a: no special abilities


You were on level 2 of the Dungeon.
You visited 1 branch of the dungeon, and saw 2 of its levels.

You collected 76 gold pieces.

Inventory:

Hand Weapons
 f - a +1 short sword of protection (weapon)
Armour
 b - a +0 robe (worn)
 c - a +0 hat (worn)
Scrolls
 a - 2 scrolls of identify {unknown}
 k - a scroll of silence {unknown}
 l - a scroll of noise {unknown}
Potions
 d - a potion of magic
 e - a potion of enlightenment {unknown}
 g - a potion of cancellation {unknown}
 h - a potion of degeneration {unknown}
 i - a potion of lignification {unknown}
 j - 2 potions of curing {unknown}


   Skills:
 + Level 0.8 Fighting
 + Level 0.7 Armour
 - Level 2.4 Dodging
 - Level 2.4 Stealth
 * Level 5.0 Spellcasting
 + Level 1.8 Conjurations
 - Level 1.1 Summonings
 - Level 1.1 Translocations


You had 11 spell levels left.
You knew the following spells:

 Your Spells              Type           Power      Damage    Failure   Level
a - Magic Dart            Conj           48%        1d5       5%          1

Your spell library contained the following spells:

 Spells                   Type           Power      Damage    Failure   Level
 Momentum Strike          Conj/Tloc      20%        3d8       10%         2
 Blink                    Tloc           18%        N/A       11%         2
 Call Imp                 Summ           18%        N/A       11%         2
 Lesser Beckoning         Tloc           18%        N/A       11%         2
 Slow                     Hex            20%        N/A       12%         1
 Cigotuvi's Dreadful Rot  Necr/Pois/Air  10%        N/A       17%         2
 Mephitic Cloud           Conj/Pois/Air  7%         N/A       26%         3
 Summon Guardian Golem    Hex/Summ       7%         N/A       28%         3
 Orb of Destruction       Conj           6%         9d6       100%        7
 Spellforged Servitor     Conj/Summ      5%         N/A       100%        7


Dungeon Overview and Level Annotations

Branches:
Dungeon (2/15)

Altars:

Annotations:
D:2 Robin


Message History

Your weapon exudes an aura of protection.
You kill the goblin!
You have reached level 3!
Your experience leads to an increase in your attributes!
Increase (S)trength, (I)ntelligence, or (D)exterity?
You feel clever. x2
Unknown command.
The goblin attacks as you move away! The goblin hits you with a +0 club.
You hit the goblin.
Your weapon exudes an aura of protection.
You kill the goblin!
Robin roars a battlecry!
The goblins go into a battle-frenzy!
Robin throws the goblin at you!
You hit the goblin.
Your weapon exudes an aura of protection.
The goblin is severely wounded.
Robin throws the goblin at you! The goblin barely misses you.
The goblin hits you with a +0 club.
* * * LOW HITPOINT WARNING * * *
Unknown command.
You closely miss the goblin.
The goblin is severely wounded.
The goblin hits you but does no damage. Robin throws the goblin at you!
The goblin closely misses you. x2
Unknown command.
You hit the goblin.
You kill the goblin!
The goblin completely misses you. The goblin misses you.
The goblin closely misses you. The goblin hits you but does no damage.
Unknown command.
The goblin attacks as you move away! The goblin hits you but does no damage.
The goblin barely misses you. The goblin hits you with a +0 club.
* * * LOW HITPOINT WARNING * * *
Things that are here:
a +0 club; a goblin corpse Unknown command.
The goblin attacks as you move away! The goblin barely misses you.
The goblin hits you with a +0 club.
You die...

#....# #..###.#
#....# #......###
#....# ##........
#....######........
#.........'........
#..#.######........
#..#....# #########
#..#.##.# #.@#..#.#
#gg#..#.# #gg#..#.#
#†.#..#.# #g.####.#
#.)#g...+
#..#.##.#g.g
#.)..g..g.).
#.##########


You could see Robin and 4 goblins.

Vanquished Creatures
  3 bats (D:1)
  An endoplasm (D:1)
  3 hobgoblins
  A quokka (D:1)
  4 ball pythons
  A frilled lizard (D:1)
  9 goblins
  2 kobolds (D:1)
  3 rats (D:1)
27 creatures vanquished.

Notes
Turn   | Place    | Note
-------+----------+-------------------------------------------
     0 | D:1      | pokeman the Deep Elf Hedge Wizard began the quest for the
                  | Orb.
     0 | D:1      | Reached XP level 1. HP: 10/10 MP: 7/7
   286 | D:1      | Reached XP level 2. HP: 15/15 MP: 5/9
   903 | D:2      | Reached skill level 5 in Spellcasting
   916 | D:2      | Noticed Robin
   921 | D:2      | Reached XP level 3. HP: 12/20 MP: 1/11
   930 | D:2      | Slain by a goblin

Illustrated notes

Levels and vault maps discovered:
D:1:      dpeg_arrival_refuge, layout_rooms, minmay_pentomino_t2
D:2:      layout_basic, shapermc_ecumenical_altar_starsandcircs, uniq_robin,
          uniq_natasha, uniq_sigmund

Skill      XL: |  1  2 |
---------------+-------+-----
Spellcasting   | 5 |  5.0
Fighting       | |  0.8
Armour         | |  0.7
Dodging        | |  2.4
Stealth        | |  2.4
Conjurations   | |  1.8
Summonings     | |  1.1
Translocations | |  1.1

Action                     || total
---------------------------++-------
  Melee: Short sword       ||    12
   Cast: Magic Dart        ||    49
 Armour: Robe              ||     6
  Dodge: Dodged            ||    14

Table legend: (Time is in decaauts)
 A = Elapsed time spent in this place.
 B = Non-inter-level travel time spent in this place.
 C = Inter-level travel time spent in this place.
 D = Time resting spent in this place.
 E = Time spent auto-exploring this place.
 F = Levels seen in this place.
 G = Mean time per level.
                   A        B        C        D        E       F      G
               +--------+--------+--------+--------+--------+-----+--------+
         Total |    929 |    890 |     39 |     33 |    728 |   2 |  464.5 |
       Dungeon |    929 |    890 |     39 |     33 |    728 |   2 |  464.5 |
               +--------+--------+--------+--------+--------+-----+--------+

Top non-repeatable levels by time:
     D:1: 802 daAuts
     D:2: 126 daAuts
